 Dungeon Crawl Stone Soup version 0.28.0-53-g5a82cb258f (webtiles) character file.

Game seed: 15773601084403778172

64 Atelerd the Digger (level 4, -1/27 HPs)
             Began as an Octopode Earth Elementalist on June 11, 2022.
             Slain by Sigmund
             ... wielding a +2 vorpal scythe
              (15 damage)
             ... on level 2 of the Dungeon.
             The game lasted 00:00:57 (1073 turns).

Atelerd the Digger (Octopode Earth Elementalist)    Turns: 1073, Time: 00:00:58

Health: -1/27      AC:  1    Str:  7    XL:     4   Next: 12%
Magic:  1/7        EV: 17    Int: 19    God:
Gold:   13         SH:  0    Dex: 12    Spells: 6/7 levels left

rFire   . . .      SeeInvis .   f - +0 short sword
rCold   . . .      Faith    .   (no shield)
rNeg    . . .      Spirit   .   (helmet restricted)
rPois   .          Reflect  .   (no amulet)
rElec   .          Harm     .   a - +4 ring of evasion
rCorr   .          Rampage  .   (no ring)
Will    .....                   (no ring)
Stlth   +++.......              (no ring)
HPRegen 0.09/turn               (no ring)
MPRegen 0.10/turn               (no ring)
                                (no ring)
                                (no ring)

@: no status effects
A: almost no armour, amphibious, 8 rings, camouflage 1, gelatinous body 1,
(nimble swimmer 1), tentacles
a: no special abilities


You were on level 2 of the Dungeon.
You visited 1 branch of the dungeon, and saw 2 of its levels.

You collected 13 gold pieces.

Inventory:

Hand Weapons
 f - a +0 short sword (weapon)
Missiles
 b - 69 stones
Jewellery
 a - a +4 ring of evasion (left tentacle)
 e - a ring of see invisible
Scrolls
 c - a scroll of fear {unknown}
 d - a scroll of immolation {unknown}


   Skills:
 - Level 2.0 Dodging
 - Level 3.1 Stealth
 + Level 2.3 Spellcasting
 * Level 1.5 Transmutations
 + Level 4.3 Earth Magic


You had 6 spell levels left.
You knew the following spells:

 Your Spells              Type           Power      Damage    Failure   Level
a - Sandblast             Erth           36%        2d10      2%          1

Your spell library contained the following spells:

 Spells                   Type           Power      Damage    Failure   Level
 Passwall                 Tmut/Erth      10%        N/A       8%          2
 Apportation              Tloc           4%         N/A       16%         1
 Stone Arrow              Conj/Erth      20%        3d8       21%         3
 Corpse Rot               Necr/Air       4%         N/A       24%         2
 Poisonous Vapours        Pois/Air       4%         N/A       24%         2
 Sublimation of Blood     Necr           2%         N/A       24%         2
 Petrify                  Tmut/Erth      13%        N/A       45%         4
 Irradiate                Conj/Tmut      2%         3d14      97%         5


Dungeon Overview and Level Annotations

Branches:
Dungeon (2/15)

Altars:

Annotations:
D:2 Sigmund


Innate Abilities, Weirdness & Mutations

You cannot wear most types of armour.
You are amphibious.
You can wear up to eight rings at the same time.
Your skin changes colour to match your surroundings (Stealth+).
Your rubbery body absorbs attacks. (AC +1, EV +1)
((You are camouflaged when in or above water. (Stealth+)))
You have tentacles for arms and can constrict up to eight enemies at once.


Message History

A dart slug is nearby!
Found a rapier and 5 boomerangs.
There are monsters nearby!
A quokka comes into view.
Found 5 gold pieces.
There are monsters nearby!
Found a hand axe and 8 gold pieces.
A ball python comes into view.
The blast of sand hits the dart slug!
You kill the dart slug!
The ball python hisses angrily.
The quokka misses you. The ball python bites you. The ball python misses you.
You hear a shout!
You hit the quokka but do no damage. You grab the quokka.
You constrict the quokka. The quokka closely misses you.
The ball python barely misses you. The ball python misses you.
The quokka bites you but does no damage.
The blast of sand hits the quokka!
You kill the quokka!
The ball python barely misses you. The ball python grabs you.
The ball python constricts you.
Sigmund the Dreaded comes into view.
He is wielding a +2 vorpal scythe.
The ball python barely misses you. The ball python constricts you.
You barely miss the ball python. Your grab misses the ball python.
The rat barely misses you.
The ball python bites you but does no damage.
The ball python constricts you.
The blast of sand hits the ball python!
You kill the ball python!
Sigmund closely misses you. The rat completely misses you.
There are monsters nearby!
You closely miss the rat. You grab the rat. You squeeze the rat.
You kill the rat!
Sigmund gestures at you while chanting. The puff of flame hits you!
The blast of sand hits Sigmund!
Sigmund is heavily wounded.
Sigmund hits you from afar with a +2 vorpal scythe!
Ouch! That really hurt!
You die...

....###...####.#
#?.#.#$#.#......#
#
....#.#.....####
.#.........#.##
...##.##.....#
###.#...#.###...#
#$r...(....)#.#.#
##.#†..#†###...#
r..##@##... ###
#...†.†...#..
#.....#.#@.......
....#.#)#.#.#####
##. . ###...# #
## #.# .# #


You could see Sigmund.

Vanquished Creatures
  2 adders (D:2)
  3 dart slugs
  4 endoplasms
  2 giant cockroaches (D:1)
  2 goblins
  4 hobgoblins (D:1)
  7 jackals
  2 quokkas
  3 ball pythons
  A bat (D:1)
  3 kobolds (D:1)
  2 rats
35 creatures vanquished.

Notes
Turn   | Place    | Note
-------+----------+-------------------------------------------
     0 | D:1      | Atelerd the Octopode Earth Elementalist began the quest for
                  | the Orb.
     0 | D:1      | Reached XP level 1. HP: 11/11 MP: 3/3
   160 | D:1      | Reached XP level 2. HP: 17/17 MP: 1/5
   450 | D:1      | Found a faded altar of an unknown god.
   462 | D:1      | Reached XP level 3. HP: 16/21 MP: 4/6
   536 | D:1      | Got Plato's Grimoire of Orientation
   573 | D:1      | Reached skill level 4 in Earth Magic
  1063 | D:2      | Reached XP level 4. HP: 27/27 MP: 4/7
  1069 | D:2      | Noticed Sigmund
  1073 | D:2      | Slain by Sigmund

Illustrated notes

Levels and vault maps discovered:
D:1:      lightli_arrival_flooded_house, layout_basic,
          shapermc_ecumenical_altar_rom_forum, minivault_23,
          hangedman_decor_clover_reticule, lemuel_another_geyser
D:2:      layout_loops_corners, serial_forest, infiniplex_forest_straight_5,
          infiniplex_forest_straight_2, infiniplex_forest_zigzag_1,
          infiniplex_forest_lined_2, infiniplex_forest_lined_corner,
          infiniplex_forest_clump_cross, minmay_fractal_squares_5, uniq_sigmund

Skill      XL: |  1  2  3 |
---------------+----------+-----
Earth Magic    | 4 |  4.3
Stealth        | 3 |  3.1
Dodging        | |  2.0
Spellcasting   | |  2.3
Transmutations | |  1.5

Action                   |  1- 3 |  4- 6 || total
-------------------------+-------+-------++-------
Melee: Unarmed           |    14 |       ||    14
       Tentacles         |    10 |     1 ||    11
       Constrict         |     9 |     2 ||    11
       Short sword       |     9 |     3 ||    12
 Cast: Sandblast         |    25 |     4 ||    29
 Stab: Sleeping          |     3 |       ||     3
Armor: Skin              |       |     2 ||     2
Dodge: Dodged            |    17 |    10 ||    27
